 Dungeon Crawl Stone Soup version 0.27-a0-1071-ga85bd9520d (console) character file.

Game seed: 15684167172074365360

2571 nht the Black Crusader (level 9, -3/57 HPs)
             Began as a Demonspawn Earth Elementalist on Apr 24, 2021.
             Was a Priest of Yredelemnul.
             Slain by a killer bee (10 damage)
             ... on level 8 of the Dungeon.
             The game lasted 00:17:43 (8324 turns).

nht the Black Crusader (DsEE)                       Turns: 8324, Time: 00:17:45

Health: -3/57      AC: 11    Str:  9    XL:     9   Next: 32%
Magic:  18/18      EV: 12    Int: 20    God:    Yredelemnul [***...]
Gold:   283        SH:  0    Dex: 19    Spells: 11/12 levels left

rFire    . . .     SeeInvis .   g - +4 trident
rCold    . . .     Faith    +   (no shield)
rNeg     . . .     Spirit   .   c - +0 robe
rPois    .         Reflect  .   (no helmet)
rElec    .         Harm     .   b - scarf {repulsion}
rCorr    .         Rampage  +   i - +1 pair of gloves
Will     .....                  u - +0 pair of boots {rampage}
Stlth    ++........             d - amulet of faith
HPRegen  0.19/turn              k - +6 ring of dexterity
MPRegen  0.16/turn              v - +4 ring of slaying

@: lethally poisoned (-3 -> -20), about to teleport, sanguine armoured,
attractive, repel missiles
A: talons 1, demonic guardian 1, sanguine armour 1, demonic magic 1
a: Renounce Religion, Recall Undead Slaves, Injury Mirror, Animate Dead


You were on level 8 of the Dungeon.
You worshipped Yredelemnul.
Yredelemnul was most pleased with you.
You visited 1 branch of the dungeon, and saw 8 of its levels.

You collected 283 gold pieces.

Inventory:

Hand Weapons
 f - a +2 dagger of electrocution
 g - a +4 trident (weapon)
Missiles
 p - 3 silver javelins
 r - 55 poisoned darts
 w - 5 boomerangs
Armour
 b - a scarf of repulsion (worn)
 c - a +0 robe (worn)
 i - a +1 pair of gloves (worn)
 u - a +0 pair of boots of rampaging (worn)
 E - a +0 buckler
Magical Staves
 t - a staff of earth
Jewellery
 a - an amulet of the acrobat
 d - an amulet of faith (around neck)
 k - a +6 ring of dexterity (left hand)
 n - an amulet of reflection
 v - a +4 ring of slaying (right hand)
Wands
 j - a wand of polymorph (10)
Scrolls
 l - a scroll of enchant armour
 q - a scroll of enchant weapon {unknown}
 s - a scroll of fear {unknown}
 x - a scroll of amnesia {unknown}
 y - 3 scrolls of magic mapping {unknown}
 A - 3 scrolls of vulnerability {unknown}
 C - a scroll of immolation {unknown}
Potions
 m - a potion of magic
 z - a potion of attraction
 B - a potion of curing


   Skills:
 + Level 5.6 Short Blades
 - Level 1.7 Dodging
 - Level 1.7 Stealth
 - Level 2.0 Spellcasting
 - Level 0.8 Transmutations
 - Level 4.0 Earth Magic
 - Level 13.1 Invocations


You had 11 spell levels left.
You knew the following spells:

 Your Spells              Type           Power      Damage    Failure   Level
a - Sandblast             Erth           36%        2d10      3%          1

Your spell library contained the following spells:

 Spells                   Type           Power      Damage    Failure   Level
 Passwall                 Tmut/Erth      9%         N/A       9%          2
 Beastly Appendage        Tmut           10%        N/A       11%         1
 Wereblood                Tmut           5%         N/A       17%         2
 Stone Arrow              Conj/Erth      20%        3d8       21%         3
 Spider Form              Tmut/Pois      1%         N/A       36%         3
 Petrify                  Tmut/Erth      11%        N/A       50%         4
 Lee's Rapid Deconstruct  Erth           9%         3d8*      63%         5
 Ice Form                 Ice/Tmut       3%         N/A       78%         4
 Hydra Form               Tmut           2%         N/A       97%         5


Dungeon Overview and Level Annotations

Branches:
Dungeon (8/15)             Temple (0/1) D:4
   Lair: D:8-11

Altars:
Cheibriados
Yredelemnul

Shops:
D:1 :


Innate Abilities, Weirdness & Mutations

You have sharp toenails.
A weak demonic guardian rushes to your aid.
When seriously injured, your bleeding wounds create armour. (AC +6)
Spells you cast may paralyse adjacent enemies.


Message History

The killer bee closely misses you. The killer bee stings you.
The killer bee stings you but does no damage.
The killer bee stings you.
You puncture the killer bee!
The killer bee is severely wounded.
The killer bee stings you!
A demonic guardian appears!
You are poisoned.
The killer bee poisons you!
The killer bee stings you but does no damage.
The killer bee barely misses you. The killer bee completely misses you.
Okay, then.
It was a potion of attraction.
You feel attractive to monsters.
You feel very sick. The killer bee closely misses you.
The killer bee stings you!
Your blood congeals into armour.
Something stings your ufetubus.
Your ufetubus is poisoned.
Something poisons your ufetubus! The killer bee stings you. x2
As you read the scroll of teleportation, it crumbles to dust.
You feel strangely unstable.
You feel sick.
The killer bee closely misses your ufetubus.
The killer bee barely misses you. Something stings your ufetubus!
Your ufetubus dies!
The killer bee closely misses you. The killer bee misses you.
The killer bee stings you!
You are more poisoned.
The killer bee poisons you! The killer bee is pulled toward you!
The killer bee buzzes angrily.
You hit the killer bee but do no damage.
The killer bee is severely wounded.
* * * LOW HITPOINT WARNING * * *
You feel very sick. The killer bee barely misses you.
The killer bee stings you but does no damage.
The killer bee closely misses you. The killer bee stings you.
* * * LOW HITPOINT WARNING * * *
You are more poisoned.
The killer bee poisons you! The killer bee stings you!
You die...
Your body rises from the dead as a mindless zombie.

... ██......█████.███
....... ██.....█████.█
.......███.........█.███
...................+....
...................█....
........................
................█.██....
......y██............█..
......y@yy..............
......y███+█.........█..
████.................█..
................)..█ .
.....................█ .
........y...............
..................██████
..................█
███.?......██


You could see 5 killer bees.

Vanquished Creatures
  A two-headed ogre (D:6)
  Sigmund (D:3)
  An ice beast (D:7)
  A sky beast (D:6)
  An ogre (D:7)
  2 centaurs
  2 phantoms (D:5)
  3 bullfrogs
  A scorpion (D:3)
  A water moccasin zombie (D:5)
  A water moccasin skeleton (D:4)
  A howler monkey (D:7)
  A bullfrog zombie (D:6)
  3 orc priests
  3 hounds
  A jelly (D:5)
  A centaur skeleton (D:7)
  4 iguanas
  Jessica (D:2)
  7 orc wizards
  A hound skeleton (D:4)
  4 adders
  2 shadow imps
  2 white imps
  2 ufetubi (D:5)
  2 worms
  3 dart slugs
  21 orcs
  4 endoplasms
  5 giant cockroaches
  8 goblins
  7 hobgoblins
  8 jackals (D:2)
  2 kobolds
  2 quokkas (D:1)
  4 ball pythons
  3 bats (D:1)
  2 frilled lizards
  6 rats
125 creatures vanquished.

Vanquished Creatures (collateral kills)
  A gnoll sergeant (D:6)
  An iguana (D:3)
  A jelly (D:6)
  2 orc wizards (D:4)
  3 gnolls (D:6)
  2 adders
  A worm (D:2)
  An orc (D:7)
  A giant cockroach (D:2)
  A hobgoblin (D:3)
14 creatures vanquished.

Vanquished Creatures (others)
  2 gnolls (D:6)
  An ogre zombie (D:7)
  2 adder zombies
  A ball python zombie (D:2)
  2 bullfrog zombies
  A frilled lizard zombie (D:2)
  2 giant cockroach zombies (D:2)
  2 gnoll zombies (D:6)
  A hound zombie (D:7)
  A howler monkey zombie (D:7)
  An iguana zombie (D:5)
  2 jackal zombies (D:2)
  A kobold zombie (D:3)
  10 orc zombies
  A scorpion zombie (D:3)
  A worm zombie (D:7)
31 creatures vanquished.

Grand Total: 170 creatures vanquished

Notes
Turn   | Place    | Note
-------+----------+-------------------------------------------
     0 | D:1      | nht the Demonspawn Earth Elementalist began the quest for
                  | the Orb.
     0 | D:1      | Reached XP level 1. HP: 13/13 MP: 3/3
   296 | D:1      | Gained mutation: You have sharp toenails. [demonic
                  | ancestry]
   296 | D:1      | Reached XP level 2. HP: 19/19 MP: 3/5
   333 | D:1      | Found Xiczobba's Book Boutique.
   928 | D:1      | Found a faded altar of an unknown god.
   935 | D:1      | Became a worshipper of Yredelemnul the Dark
   935 | D:1      | Reached * piety under Yredelemnul
  1239 | D:2      | Noticed Jessica
  1338 | D:2      | Reached XP level 3. HP: 24/24 MP: 1/6
  1698 | D:2      | Killed Jessica
  1699 | D:2      | Reached skill level 2 in Invocations
  1907 | D:2      | Gained mutation: A weak demonic guardian rushes to your
                  | aid. [demonic ancestry]
  1907 | D:2      | Reached XP level 4. HP: 30/30 MP: 7/7
  2448 | D:3      | Noticed a scorpion
  2485 | D:3      | Killed a scorpion
  2486 | D:3      | Reached skill level 4 in Invocations
  2492 | D:3      | Gained mutation: Spells you cast may paralyse adjacent
                  | enemies. [demonic ancestry]
  2492 | D:3      | Reached XP level 5. HP: 8/35 MP: 1/8
  2749 | D:3      | Noticed Sigmund
  2768 | D:3      | Reached skill level 5 in Invocations
  2868 | D:3      | Killed Sigmund
  2869 | D:3      | Reached skill level 6 in Invocations
  2869 | D:3      | Reached XP level 6. HP: 41/41 MP: 8/11
  3006 | D:3      | Reached ** piety under Yredelemnul
  3487 | D:4      | Reached skill level 7 in Invocations
  3801 | D:4      | Identified 2 scrolls of acquirement
  3801 | D:4      | Acquired a +0 pair of boots of rampaging
  3808 | D:4      | fucking kidding me
  3808 | D:4      | Acquired a staff of earth
  4067 | D:4      | Reached skill level 8 in Invocations
  4155 | D:4      | Reached XP level 7. HP: 38/46 MP: 13/13
  4225 | D:4      | Found a staircase to the Ecumenical Temple.
  4646 | D:5      | Entered Level 5 of the Dungeon
  4794 | D:5      | Reached skill level 9 in Invocations
  4881 | D:5      | Reached *** piety under Yredelemnul
  4912 | D:5      | Reached skill level 10 in Invocations
  5526 | D:6      | Reached skill level 11 in Invocations
  5526 | D:6      | Reached XP level 8. HP: 34/52 MP: 16/16
  5802 | D:6      | Noticed a two-headed ogre
  6018 | D:7      | Found a snail-covered altar of Cheibriados.
  6046 | D:7      | Reached skill level 12 in Invocations
  6409 | D:7      | Reached skill level 13 in Invocations
  6457 | D:7      | Reached **** piety under Yredelemnul
  7606 | D:6      | Killed a two-headed ogre
  7606 | D:6      | Received a gift from Yredelemnul (a mummy)
  7607 | D:6      | Reached skill level 5 in Short Blades
  7607 | D:6      | Gained mutation: When seriously injured, your bleeding
                  | wounds create armour. (AC +6) [demonic ancestry]
  7607 | D:6      | Reached XP level 9. HP: 33/57 MP: 18/18
  8324 | D:8      | Slain by a killer bee

Illustrated notes

. █ █.█ .
.█ █.█
.█████. █.█
.█ .█.█.
█.█
.███...██
█.█
.██.....██
█.█
.█.......██
█.█
......>)..█
█@█
.█.......██


█Z█ .██......███████.█ ..............Z..█ .████....█████████ .█ ███.██ .█ █.█ .█
█.█ .█ █.█ Turn 3808 on D:4: fucking kidding me

Levels and vault maps discovered:
D:1:      dpeg_arrival_erosion, layout_loops_ring,
          hellmonk_ecumenical_altar_inner_sanctum, serial_shops,
          nicolae_shop_stone
D:2:      layout_basic, uniq_jessica
D:3:      layout_loops_ring, uniq_sigmund
D:4:      layout_loops_ring, minmay_temple_entry_sparse_star, serial_park_tiny_2
D:5:      layout_rooms
D:6:      layout_cave_pools
D:7:      layout_basic, chei_slow_surprise
D:8:      layout_basic, uniq_grum, uniq_maurice

Skill      XL: |  1  2  3  4  5  6  7  8 |
---------------+-------------------------+-----
Earth Magic    | 3 4 |  4.0
Invocations    | 2 4 6 8 11 13 | 13.1
Short Blades   | 5 |  5.6
Dodging        | |  1.7
Stealth        | |  1.7
Spellcasting   | |  2.0
Transmutations | |  0.8

Action                   |  1- 3 |  4- 6 |  7- 9 || total
-------------------------+-------+-------+-------++-------
Melee: Unarmed           |    24 |     1 |       ||    25
       Kick              |     4 |     6 |       ||    10
       Trident           |       |    31 |   199 ||   230
       Staff             |       |     2 |       ||     2
 Cast: Sandblast         |    55 |    30 |       ||    85
Invok: Animate Remains   |     9 |    14 |       ||    23
       Recall Undead Sla |       |     1 |       ||     1
       Animate Dead      |       |       |    16 ||    16
Evoke: Wand              |     3 |    19 |    40 ||    62
  Use: Scroll            |       |     5 |     8 ||    13
       Potion            |       |     2 |     6 ||     8
 Stab: Paralysed         |       |     8 |       ||     8
       Distracted        |       |       |     3 ||     3
       Sleeping          |       |       |     3 ||     3
Armor: Robe              |     5 |     9 |    54 ||    68
Dodge: Dodged            |    26 |    21 |   115 ||   162

Table legend: (Time is in decaauts)
 A = Elapsed time spent in this place.
 B = Non-inter-level travel time spent in this place.
 C = Inter-level travel time spent in this place.
 D = Time resting spent in this place.
 E = Time spent auto-exploring this place.
 F = Levels seen in this place.
 G = Mean time per level.
                   A        B        C        D        E       F      G
               +--------+--------+--------+--------+--------+-----+--------+
         Total |   8391 |   7850 |    541 |    218 |   6396 |   8 | 1048.9 |
       Dungeon |   8391 |   7850 |    541 |    218 |   6396 |   8 | 1048.9 |
               +--------+--------+--------+--------+--------+-----+--------+

Top non-repeatable levels by time:
     D:1: 1366 daAuts
     D:2: 1342 daAuts
     D:7: 1233 daAuts
     D:4: 1196 daAuts
     D:6: 1175 daAuts
     D:5: 833 daAuts
     D:3: 815 daAuts
     D:8: 428 daAuts
